 Dungeon Crawl Stone Soup version 0.27-a0-686-gaed091b46b (webtiles) character file.

Game seed: 12598862265380401152

141 dolemite99 the Poker (level 5, -1/58 HPs)
             Began as a Demonspawn Gladiator on Mar 21, 2021.
             Was an Initiate of Okawaru.
             Slain by a wight
             ... wielding a +4 great sword
              (2 damage)
             ... on level 4 of the Dungeon.
             The game lasted 00:05:27 (2793 turns).

dolemite99 the Poker (Demonspawn Gladiator)         Turns: 2793, Time: 00:05:28

Health: -1/58      AC: 22    Str: 15    XL:     5   Next: 3%
Magic:  5/5        EV:  2    Int: 10    God:    Okawaru [......]
Gold:   107        SH:  0    Dex: 14    Spells: 4/4 levels left

rFire    + . .     SeeInvis .   a - +0 trident
rCold    + . .     Faith    .   (no shield)
rNeg     + + +     Spirit   .   (armour currently unavailable)
rPois    +         Reflect  .   (helmet currently unavailable)
rElec    +         Harm     .   (cloak currently unavailable)
rCorr    +         Rampage  .   (gloves currently unavailable)
Will     .....     NoTele   +   (boots currently unavailable)
Stlth    +.........             (no amulet)
HPRegen  0.19/turn              (no ring)
MPRegen  0.09/turn              (no ring)

@: lethally poisoned (-1 -> -15), tree-form, resistant
A: stationary, stasis, torment immunity, boosted hp, (horns 1), rugged brown
scales 1, demonic guardian 1
a: Renounce Religion


You were on level 4 of the Dungeon.
You worshipped Okawaru.
Okawaru was noncommittal.
You were a tree.
You visited 1 branch of the dungeon, and saw 5 of its levels.

You collected 107 gold pieces.

Inventory:

Hand Weapons
 a - a +0 trident (weapon)
Missiles
 d - 3 throwing nets (quivered)
 g - 27 stones
 j - 46 bolts
 n - 40 sling bullets
 q - 25 arrows
 r - 2 boomerangs
Armour
 b - a +0 leather armour
 c - a +0 helmet
 f - a +0 chain mail (melded)
Scrolls
 i - 2 scrolls of identify {unknown}
 k - a scroll of teleportation {unknown}
 l - a scroll of vulnerability {unknown}
 m - a scroll of fog {unknown}
 p - a scroll of blinking {unknown}


   Skills:
 - Level 2.0 Fighting
 + Level 5.2 Polearms
 - Level 1.7 Throwing
 - Level 2.6 Dodging


You had 4 spell levels left.
You didn't know any spells.
Your spell library was empty.

Dungeon Overview and Level Annotations

Branches:
Dungeon (5/15)
 Temple: D:4-7

Altars:
Cheibriados
Okawaru
Wu Jian

Annotations:
D:4 Edmund


Innate Abilities, Weirdness & Mutations

You are a tree.
Your roots penetrate the ground, keeping you stationary.
You cannot be teleported.
You are immune to unholy pain and torment.
Your maximum health is greatly increased.
Your equipment is partially melded.
((You have a pair of small horns on your head.))
(You are partially covered in rugged brown scales. (AC +1, +3% HP))
A weak demonic guardian rushes to your aid.


Message History

Okawaru accepts your kill.
The wight hits you with a +4 great sword.
* * * LOW HITPOINT WARNING * * *
Edmund zaps a wand.
The puff of flame hits you but does no damage.
It was a potion of resistance.
You feel protected.
* * * LOW HITPOINT WARNING * * *
You feel sick.
Your ufetubus barely misses Edmund.
Your ufetubus closely misses Edmund.
The wight hits you with a +4 great sword.
* * * LOW HITPOINT WARNING * * *
Edmund zaps a wand.
The puff of flame hits you. You resist.
* * * LOW HITPOINT WARNING * * *
It was a potion of heal wounds.
You feel much better.
You feel sick.
Your ufetubus hits Edmund.
Your ufetubus closely misses Edmund.
The wight hits you but does no damage.
Edmund hits you with a +2 flail of venom.
You are more poisoned.
Your ufetubus barely misses Edmund.
Your ufetubus closely misses Edmund.
You closely miss Edmund.
Edmund is heavily wounded.
You feel sick.
Your ufetubus hits Edmund.
Your ufetubus closely misses Edmund.
The wight hits you with a +4 great sword!
Edmund closely misses your ufetubus.
You hit Edmund.
Edmund is heavily wounded.
You feel sick.
Your ufetubus barely misses Edmund.
Your ufetubus closely misses Edmund.
The wight hits you with a +4 great sword!
* * * LOW HITPOINT WARNING * * *
Edmund zaps a wand.
The puff of flame hits you. You resist.
* * * LOW HITPOINT WARNING * * *
Your ufetubus hits Edmund but does no damage. x2
You hit Edmund.
Edmund is severely wounded.
* * * LOW HITPOINT WARNING * * *
You feel sick.
Your ufetubus hits Edmund. Your ufetubus misses Edmund.
The wight hits you with a +4 great sword.
You die...

#.##..# ..#..#
#.#..# ....####
#...#.. #...#.#
#..#.#####.
#####.>........
........♣.......
.......z@5......
................
.........######.
.........#
.##......#
#.....=#
#......#


You could see Edmund (ally target), a wight and a friendly ufetubus (summoned).

Vanquished Creatures
  2 orc wizards (D:3)
  2 adders (D:2)
  A shadow imp (D:5)
  2 worms (D:2)
  A dart slug (D:2)
  4 leopard geckos
  An orc (D:3)
  4 giant cockroaches
  8 goblins
  3 hobgoblins
  8 jackals
  A quokka (D:3)
  5 bats
  3 frilled lizards
  7 kobolds
  6 rats
58 creatures vanquished.

Vanquished Creatures (collateral kills)
  3 orcs
3 creatures vanquished.

Grand Total: 61 creatures vanquished

Notes
Turn   | Place    | Note
-------+----------+-------------------------------------------
     0 | D:1      | dolemite99 the Demonspawn Gladiator began the quest for the
                  | Orb.
     0 | D:1      | Reached XP level 1. HP: 16/16 MP: 1/1
   167 | D:1      | Reached skill level 3 in Polearms
   441 | D:1      | Gained mutation: A weak demonic guardian rushes to your
                  | aid. [demonic ancestry]
   441 | D:1      | Reached XP level 2. HP: 16/22 MP: 2/2
  1551 | D:2      | Reached XP level 3. HP: 27/27 MP: 3/3
  1583 | D:2      | Reached skill level 4 in Polearms
  1659 | D:2      | Found an ornate altar of the Wu Jian Council.
  1665 | D:2      | Found an iron altar of Okawaru.
  1668 | D:2      | Found a snail-covered altar of Cheibriados.
  1676 | D:2      | Became a worshipper of Warmaster Okawaru
  1930 | D:2      | Gained mutation: You are partially covered in rugged brown
                  | scales. (AC +1, +3% HP) [demonic ancestry]
  1930 | D:2      | Reached XP level 4. HP: 27/33 MP: 4/4
  2535 | D:3      | Reached skill level 5 in Polearms
  2698 | D:3      | You fall into a shaft and drop 2 floors!
  2698 | D:5      | Entered Level 5 of the Dungeon
  2720 | D:5      | Gained mutation: You have a pair of small horns on your
                  | head. [demonic ancestry]
  2720 | D:5      | Reached XP level 5. HP: 39/39 MP: 5/5
  2773 | D:4      | Noticed Edmund
  2793 | D:4      | HP: 1/58 [poisoned by Edmund]
  2793 | D:4      | Slain by a wight

Illustrated notes

Levels and vault maps discovered:
D:1:      tarquinn_simple_flora_water_e, layout_basic, serial_co_window_serial,
          co_window_corner_a, co_window_corner_a, co_window_paths_a,
          co_window_paths_b, co_window_of_opportunity_a, co_window_corner_ca,
          co_window_corner_ca, co_window_corner_b, co_window_broadway_c,
          co_window_unsneaky_path_a, glass_columns_c, glass_columns_a,
          glass_columns_c, glass_columns_b, glass_columns_c,
          hangedman_decor_growths
D:2:      layout_loops_ring, grunt_temple_overflow_diamond
D:3:      layout_loops_ring, zin_scriptorium, kennysheep_generic_room_2
D:4:      layout_basic, minmay_temple_entry_proselytizer, gup_sewer_entry_pipe,
          uniq_duvessa, uniq_edmund, uniq_natasha, uniq_eustachio, uniq_pikel
D:5:      layout_loops_corners, chequers_serial_rivers_large_a

Skill      XL: |  1  2  3  4 |
---------------+-------------+-----
Polearms       | 3 4 5 |  5.2
Fighting       | |  2.0
Throwing       | |  1.7
Dodging        | |  2.6

Action                   |  1- 3 |  4- 6 || total
-------------------------+-------+-------++-------
Melee: Trident           |   144 |    83 ||   227
       Headbutt          |       |     1 ||     1
  Use: Potion            |       |     3 ||     3
Armor: Leather armour    |    13 |       ||    13
       Chain mail        |    79 |    39 ||   118
       Skin              |       |    21 ||    21
Dodge: Dodged            |    70 |    25 ||    95

Table legend: (Time is in decaauts)
 A = Elapsed time spent in this place.
 B = Non-inter-level travel time spent in this place.
 C = Inter-level travel time spent in this place.
 D = Time resting spent in this place.
 E = Time spent auto-exploring this place.
 F = Levels seen in this place.
 G = Mean time per level.
                   A        B        C        D        E       F      G
               +--------+--------+--------+--------+--------+-----+--------+
         Total |   2813 |   2702 |    111 |    329 |   1654 |   5 |  562.6 |
       Dungeon |   2813 |   2702 |    111 |    329 |   1654 |   5 |  562.6 |
               +--------+--------+--------+--------+--------+-----+--------+

Top non-repeatable levels by time:
     D:1: 1538 daAuts
     D:2: 944 daAuts
     D:3: 234 daAuts
     D:5: 75 daAuts
     D:4: 20 daAuts
